AoeStats
← Mind

Pilgrims

508616875Analyzed
2v2 RM · 10d ago on Sep 23, 2026· 61m 16s· 4 players
Game mode
Random Map
Map size
Medium (4 player)
Population
200
Speed
Normal
Resources
Standard
Victory
Conquest
Starting age
Dark Age
Ending age
Imperial Age
RankedLock teamsTeams togetherTeam positionsShared explorationLock speedFull tech treeHidden civsTurbo modeCheats
Victory
Defeat
🇩🇰 Varangians · Denmark
899
+37
🇩🇰 Danes · Denmark
870
+38
🇩🇰 Bengalis · Denmark
931
-18
🇩🇰 Khmer · Denmark
763
-11
The Priest1783
12:14 Feudal Age
12:54 Fishing Lines
14:13 Double-Bit Axe
17:43 Castle Age
16:05 Gold Mining
18:52 Wheelbarrow
18:03 Town Watch
18:56 Wheelbarrow
18:07 Loom
18:56 Medium Warships
18:38 Gillnets
22:32 Fletching
27:51 Husbandry
30:45 Gold Shaft Mining
34:24 Bloodlines
37:45 Imperial Age
35:38 Bodkin Arrow
35:43 Padded Archer Armor
38:09 Stone Mining
40:38 Ballistics
41:21 Chemistry
46:10 Pikeman
49:43 Squires
49:47 Scale Mail Armor
49:58 Forging
50:02 Gambesons
49:40 Man-at-Arms
50:57 Chain Mail Armor
50:59 Long Swordsman
52:33 Two-Handed Swordsman
55:22 Champion
55:48 Arson
60:37 Iron Casting
Palmejorgen4637
7:21 Loom
11:17 Feudal Age
16:13 Castle Age
22:58 Elite Skirmisher
24:44 Double-Bit Axe
34:42 Gold Mining
35:04 Bow Saw
34:37 Horse Collar
35:38 Wheelbarrow
38:27 Imperial Age
37:06 Bloodlines
36:56 Husbandry
37:19 Pikeman
39:09 Heavy Plow
43:07 Forging
43:00 Scale Mail Armor
43:12 Elite Ballista Elephant
43:56 Double Crossbow
43:20 Elite Ballista Elephant
45:14 Halberdier
49:31 Scale Barding Armor
49:41 Chain Mail Armor
50:02 Iron Casting
49:30 Padded Archer Armor
53:35 Gold Shaft Mining
57:34 Chemistry
56:54 Ballistics
56:41 Siege Engineers
58:26 Blast Furnace
57:49 Chain Barding Armor
Mind
3:21 Loom
12:18 Feudal Age
13:38 Wheelbarrow
12:49 Town Watch
13:37 Double-Bit Axe
14:05 Horse Collar
15:43 Wheelbarrow
17:31 Scale Barding Armor
24:22 Castle Age
24:10 Scale Mail Armor
24:20 Forging
25:27 Husbandry
25:37 Bloodlines
27:00 Gold Mining
27:02 Stone Mining
27:26 Bow Saw
29:29 Squires
28:49 Pikeman
31:21 Chain Mail Armor
31:40 Chain Barding Armor
34:32 Iron Casting
34:12 Chain Mail Armor
33:51 Fletching
34:37 Iron Casting
36:48 Heavy Plow
45:29 Imperial Age
46:12 Hand Cart
45:42 Town Watch
46:25 Cavalier
50:28 Guilds
51:55 Light Cavalry
57:22 Masonry
56:57 Treadmill Crane
57:27 Clinker Construction
57:15 Murder Holes
58:21 Chemistry
57:38 Padded Archer Armor
57:43 Bodkin Arrow
58:24 Plate Barding Armor
58:59 Blast Furnace
59:17 Halberdier
sortie
6:21 Loom
12:00 Feudal Age
11:45 Loom
15:48 Castle Age
20:45 Forging
20:45 Scale Mail Armor
22:20 Iron Casting
22:17 Fishing Lines
27:00 Chain Mail Armor
27:58 Hamask
51:28 Horse Collar
61:53 Imperial Age
Connection lost

Rejoining the realm…

Still unreachable

The connection could not be restored.

Session expired

The server has moved on; the page needs a fresh start.